 Dungeon Crawl Stone Soup version 0.22.0-34-g4f65f92 (webtiles) character file.

52 Faca the Poker (level 3, 0/29 HPs)
             Began as a Merfolk Gladiator on Aug 23, 2018.
             Killed by divine providence
             ... invoked by an orc priest
              (11 damage)
             ... on level 3 of the Dungeon.
             The game lasted 00:02:21 (1190 turns).

Faca the Poker (Merfolk Gladiator)                  Turns: 1190, Time: 00:02:22

Health: 0/29       AC:  7    Str: 14    XL:     3   Next: 85%
Magic:  3/3        EV: 14    Int:  7    God:
Gold:   74         SH:  0    Dex: 16    Spells: 2/2 levels left

rFire    . . .     SeeInvis .   a - +0 trident
rCold    . . .     Gourm    .   (no shield)
rNeg     + . .     Faith    .   b - +0 leather armour
rPois    .         Spirit   .   c - +0 helmet
rElec    .         Reflect  .   (no cloak)
rCorr    .         Harm     .   (no gloves)
MR       .....                  n - +2 pair of boots
Stlth    +.........             (no amulet)
HPRegen  0.09/turn              p - ring of positive energy
MPRegen  0.08/turn              (no ring)

@: no status effects
A: change form in water, swift swim, stealthy swim
a: no special abilities


You were on level 3 of the Dungeon.
You were not hungry.

You visited 1 branch of the dungeon, and saw 3 of its levels.

You collected 74 gold pieces.

Inventory:

Hand Weapons
 a - a +0 trident (weapon)
Missiles
 d - 3 throwing nets (quivered)
Armour
 b - a +0 leather armour (worn)
 c - a +0 helmet (worn)
 n - a +2 pair of boots (worn)
Jewellery
 p - a ring of positive energy (left hand)
Scrolls
 g - 2 scrolls of immolation {unknown}
 i - 3 scrolls of remove curse {unknown}
 j - a scroll of random uselessness {unknown}
 l - a scroll of teleportation {unknown}
 o - 2 scrolls of identify {unknown}
 r - a scroll of enchant armour {unknown}
Potions
 e - a potion of magic {unknown}
 h - 3 potions of cancellation {unknown}
 k - a potion of haste {unknown}
 m - a potion of flight {unknown}
 q - a potion of agility {unknown}
Comestibles
 f - 3 rations


   Skills:
 + Level 3.5 Fighting
 + Level 5.7 Polearms
 - Level 2.0 Throwing
 - Level 4.0 Dodging


You had 2 spell levels left.
You didn't know any spells.
Your spell library was empty.

Dungeon Overview and Level Annotations

Branches:
Dungeon (3/15)

Altars:
Okawaru
Wu Jian


Message History

A kobold comes into view.
You hit the orc priest but do no damage.
The orc priest is heavily wounded.
The adder completely misses you.
The orc priest hits you but does no damage.
You hit the orc priest but do no damage.
The orc priest is heavily wounded.
The adder bites you but does no damage. The orc priest completely misses you.
An orc comes into view. It is wielding a flail.
You puncture the orc priest!
The orc priest is almost dead.
The adder closely misses you.
The orc priest mumbles some strange prayers to Beogh against you.
Beogh smites you! The adder barely misses you.
You barely miss the orc priest.
The orc priest is almost dead.
The adder barely misses you.
The orc priest calls down the wrath of Beogh upon you.
Beogh smites you!
You die...

... .. ... ... .. ##.
....# #.######..
......#### ....$.ro.
.......<.# #.....###.
#####....###.........
####......K..##..
#...##@o..o.#
.......##S...#.#
......#.##....#
#..#..#.##....#
.................
..#.####...##.###.
.##. ##.. .# . .. .#


You could see an orc priest, an adder, 2 orcs, a kobold and a rat.

Vanquished Creatures
  An adder (D:2)
  2 worms (D:2)
  A dart slug (D:3)
  2 giant cockroaches
  3 goblins
  4 hobgoblins
  4 jackals (D:1)
  6 kobolds
  2 ball pythons (D:2)
  2 bats
  4 frilled lizards
  5 rats
36 creatures vanquished.

Notes
Turn   | Place    | Note
-------+----------+-------------------------------------------
     0 | D:1      | Faca the Merfolk Gladiator began the quest for the Orb.
     0 | D:1      | Reached XP level 1. HP: 16/16 MP: 1/1
   319 | D:1      | Reached XP level 2. HP: 23/23 MP: 2/2
   341 | D:1      | Reached skill level 5 in Polearms
   443 | D:2      | Reached XP level 3. HP: 27/29 MP: 3/3
   539 | D:2      | Found an iron altar of Okawaru.
   616 | D:2      | Found a faded altar of an unknown god.
   866 | D:2      | Found an ornate altar of the Wu Jian Council.
  1190 | D:3      | Killed from afar by an orc priest

Skill      XL: |  1  2 |
---------------+-------+-----
Polearms       | 5 |  5.7
Fighting       | 3 |  3.5
Throwing       | |  2.0
Dodging        | |  4.0

Action                   || total
-------------------------++-------
Melee: Trident           ||   128
       Tailslap          ||     1
 Stab: Sleeping          ||     4
  Eat: Ration            ||     1
Armor: Leather armour    ||    22
Dodge: Dodged            ||    72
